[Event "Late-Titled-Tuesday-Blitz-February-13-2024"]
[Site "Chess.com"]
[Date "2024.02.13"]
[Round "2"]
[White "Hrant_ChessMood"]
[Black "albi1999"]
[Result "1-0"]
[WhiteElo "2958"]
[BlackElo "2605"]
[TimeControl "180+1"]
[EndTime "14:17:30 PST"]
[Termination "Hrant_ChessMood won by resignation"]

1. Nf3 d5 2. d4 Nf6 3. c4 e6 4.
Nc3 h6 5. g3 Bd6 6. Bg2 O-O 7.
O-O Nc6 8. b3 dxc4 9. bxc4 e5 10. e3 Re8 11. Bb2 exd4 12. Nxd4 Ne5 13. Qb3 c6 14.
Rad1 Qe7 15. h3 Ng6 16. Nce2 h5 17. Nf4 Ne5 18. Qc3 a5 19. Nf3 Nxf3+ 20. Bxf3 Bxf4 21. exf4 Bxh3 22. Rfe1 Qf8 23. Re5 Bg4 24. Bxg4 Nxg4 25.
Rxh5 f6 26. Qc2 Nh6 27. Qg6 Rad8 28. Rxd8 Re1+ 29. Kg2 Qxd8 30. Rxh6 Qd1 31. Qh7+ Kf8 32. Ba3+ Ke8 33. Qg8+ Kd7 34. Qxg7+ Kc8 35. Rh8+ 1-0

[Event "Late-Titled-Tuesday-Blitz-February-13-2024"]
[Site "Chess.com"]
[Date "2024.02.13"]
[Round "2"]
[White "MusicCityMaster"]
[Black "mr_gustavo"]
[Result "1-0"]
[WhiteElo "2455"]
[BlackElo "2727"]
[TimeControl "180+1"]
[EndTime "14:17:30 PST"]
[Termination "MusicCityMaster won on time"]

1. d4 Nf6 2. c4 e6 3. Nf3 b6 4. Qc2 Bb7 5. a3 c5 6. Nc3 Bxf3 7. exf3 cxd4 8. Nb5 Nc6 9. Qd1 e5 10. f4 d6 11. Qa4 Qd7 12. Be2 Be7 13. Bf3 e4 14. Be2 d3 15. Bd1 O-O 16. O-O Nd4 17.
Nxd4 Qb7 18. Qc6 Qb8 19. Nf5 Re8 20. b4 Bf8 21. Bb2 Qd8 22. Bb3 Rc8 23. Qa4 Rc7 24. Rad1 Nh5 25. g3 g6 26. Ne3 Rb7 27. Nd5 Bg7 28.
Bxg7 Nxg7 29. Rfe1 Re6 30. Ba2 Kh8 31. Qb3 Nf5 32.
Qc3+ Kg8 33. Rxe4 Rxe4 34. Nf6+ Qxf6 35. Qxf6 Re2 36. Bb3 Rbe7 37. Rxd3 Re1+ 38. Kg2 R1e2 39. c5 bxc5 40. bxc5 Ne3+ 41. Kf3 1-0

[Event "Late-Titled-Tuesday-Blitz-February-13-2024"]
[Site "Chess.com"]
[Date "2024.02.13"]
[Round "2"]
[White "JaackCamel"]
[Black "szachmistrz2500"]
[Result "1-0"]
[WhiteElo "2208"]
[BlackElo "2460"]
[TimeControl "180+1"]
[EndTime "14:17:30 PST"]
[Termination "JaackCamel won on time"]

1. d4 Nf6 2. c4 e6 3. Nc3 d5 4.
cxd5 exd5 5. Bg5 c6 6. e3 Be7 7. Bd3 Nbd7 8. Qc2 O-O 9. Nge2 Re8 10. O-O Nf8 11. h3 g6 12. Rad1 Ne6 13. Bh4 Ng7 14. f3 Nfh5 15. Bf2 f5 16. e4 fxe4 17. fxe4 dxe4 18.
Nxe4 Be6 19. Bc4 Bd5 20. Bxd5+ cxd5 21. Nc5 b6 22. Nd3 Bd6 23. Ne5 Bxe5 24. dxe5 Rxe5 25.
Nd4 Rc8 26. Qb3 Nf6 27. Nb5 Re4 28. Nc3 Rec4 29. Bd4 Nfh5 30. Bxg7 Nxg7 31. Nxd5 Kh8 32. Ne3 Rd4 33. Nd5 Rxd1 34. Rxd1 Qd6 35. Ne3 Qc5 36. Kh1 Re8 37. Nd5 Qf2 38. Qc3 h5 39.
Nf6 Rf8 40. Ne4 Qe2 41. Qd3 1-0

[Event "Late-Titled-Tuesday-Blitz-February-13-2024"]
[Site "Chess.com"]
[Date "2024.02.13"]
[Round "2"]
[White "LiemLe"]
[Black "bazar-wokzal"]
[Result "1-0"]
[WhiteElo "3023"]
[BlackElo "2650"]
[TimeControl "180+1"]
[EndTime "14:17:32 PST"]
[Termination "LiemLe won by resignation"]

1. Nf3 c5 2. c4 g6 3. d4 Bg7 4. d5 f5 5. Nc3 e5 6. e4 d6 7. exf5 gxf5 8. Ng5 Nf6 9. f4 O-O 10. Be2 h6 11. Nf3 exf4 12. Bxf4 Nh5 13. Bd2 f4 14. O-O Bg4 15. Kh1 Nd7 16. Ng1 Qh4 17. Nh3 f3 18. Bxf3 Bxh3 19. Bxh5 Rxf1+ 20. Qxf1 Qxh5 21. gxh3 Ne5 22. Ne4 Rf8 23. Qg2 Kh8 24. Rg1 Qf3 25. Nxd6 Nd3 26. Qxf3 Rxf3 27. Bc3 Bxc3 28.
bxc3 Rf2 29. Rg3 Nf4 30. Kg1 Rxa2 31. Rf3 Ne2+ 32. Kf1 Nc1 33. Nxb7 a5 34. Nxc5 a4 35. d6 a3 36. d7 Rd2 37. Rf8+ Kg7 38. d8=Q Rxd8 39.
Rxd8 a2 40. Ra8 Kf6 41. Ke1 Ke5 42. Kd2 1-0

[Event "Late-Titled-Tuesday-Blitz-February-13-2024"]
[Site "Chess.com"]
[Date "2024.02.13"]
[Round "2"]
[White "DeArron_Fox"]
[Black "carlsenCamacho"]
[Result "1-0"]
[WhiteElo "2514"]
[BlackElo "2276"]
[TimeControl "180+1"]
[EndTime "14:17:32 PST"]
[Termination "DeArron_Fox won on time"]

1. d4 Nf6 2. c4 c5 3. d5 b5 4.
cxb5 a6 5. bxa6 g6 6. Nc3 Bg7 7. Nf3 O-O 8. e4 Qa5 9. Be2 Nxe4 10. O-O Nxc3 11. bxc3 Bxc3 12. Rb1 Bxa6 13. Bh6 Bg7 14. Bxg7 Kxg7 15. Re1 Qd8 16. d6 e6 17. Qc1 Bxe2 18.
Rxe2 Na6 19. h4 Qf6 20. h5 gxh5 21. Re5 Rg8 22. Rxh5 Kh8 23. Rh3 Nb4 24. a3 Nd3 25. Qc2 Qf5 26. Rg3 Rxg3 27. fxg3 Rg8 28. Rd1 c4 29.
Qxc4 Ne5 30. Qc3 f6 31. Nxe5 fxe5 32. Re1 Rf8 33. Rxe5 Qxe5 34. Qxe5+ 1-0

[Event "Late-Titled-Tuesday-Blitz-February-13-2024"]
[Site "Chess.com"]
[Date "2024.02.13"]
[Round "2"]
[White "krzyzan94"]
[Black "Thormento16"]
[Result "1-0"]
[WhiteElo "2788"]
[BlackElo "2460"]
[TimeControl "180+1"]
[EndTime "14:17:34 PST"]
[Termination "krzyzan94 won by checkmate"]

1. Nf3 Nf6 2. g3 g6 3. Bg2 Bg7 4. O-O d5 5. c4 c6 6. d4 O-O 7. Nc3 Ne4 8. Bf4 a5 9. cxd5 cxd5 10. Nb5 Nc6 11. Rc1 Bf5 12. Qa4 Rc8 13. a3 Qb6 14. Nc3 Nxd4 15. Nxd4 Qxd4 16. Qxd4 Bxd4 17. Nxd5 Rxc1 18.
Bxc1 Nd6 19. Nxe7+ Kg7 20. Nxf5+ Nxf5 21. e3 Bf6 22.
Bxb7 Rb8 23. Bf3 Bxb2 24. Bd2 Bxa3 25. Bxa5 Be7 26. Rc1 Rb7 27. Rc6 Ra7 28. Bc3+ f6 29. e4 Nd6 30. e5 Ne8 31. Rc8 Rc7 32. exf6+ Bxf6 33. Bxf6+ Kxf6 34. Rxe8 Rc2 35. Kg2 Kg7 36. h4 h5 37. Re6 Rb2 38. Be4 Kh7 39. Bxg6+ Kh6 40.
Be8+ Kg7 41. Bxh5 Kh7 42. Bf3 Kg7 43. Be4 Rd2 44. h5 Kf7 45. Ra6 Kg7 46. h6+ Kh8 47.
Ra8+ Rd8 48. Rxd8# 1-0

[Event "Late-Titled-Tuesday-Blitz-February-13-2024"]
[Site "Chess.com"]
[Date "2024.02.13"]
[Round "2"]
[White "szefru"]
[Black "ArchibaldCerveza29"]
[Result "0-1"]
[WhiteElo "2253"]
[BlackElo "2507"]
[TimeControl "180+1"]
[EndTime "14:17:34 PST"]
[Termination "ArchibaldCerveza29 won on time"]

1. e4 e5 2. Nf3 Nf6 3. Nc3 Nc6 4. Bb5 Nd4 5. Bc4 c6 6. O-O d6 7. h3 b5 8. Bb3 b4 9. Nxd4 bxc3 10. Nf3 cxd2 11.
Nxd2 Be7 12. Qe2 a5 13. a4 O-O 14. Rd1 Qc7 15. Nf3 Rd8 16. Bg5 h6 17. Bh4 Qb6 18. Rd2 Ba6 19. Qe1 c5 20. Bxf6 Bxf6 21. Bd5 Rab8 22. b3 g6 23. Rad1 Qb4 24. Qe3 Kg7 25. h4 Rd7 26. h5 c4 27. bxc4 Qxa4 28. hxg6 fxg6 29. Qe2 Qb4 30. Nh2 Bg5 31. Rd3 a4 32.
Qg4 Rc7 33. Qe6 Rf8 34. Nf3 Bc8 35. Nxg5 Bxe6 36. Nxe6+ Kh8 37. Nxc7 a3 38. Nb5 a2 39. Ra3 Qb1 0-1

[Event "Late-Titled-Tuesday-Blitz-February-13-2024"]
[Site "Chess.com"]
[Date "2024.02.13"]
[Round "2"]
[White "lupta_robin"]
[Black "tptagain"]
[Result "0-1"]
[WhiteElo "2554"]
[BlackElo "2858"]
[TimeControl "180+1"]
[EndTime "14:17:36 PST"]
[Termination "tptagain won on time"]

1. b3 d5 2. Bb2 Bf5 3. Nf3 f6 4. d4 g5 5. c4 e6 6. e3 c6 7. Bd3 Nh6 8. Nc3 g4 9. Nh4 Bxd3 10. Qxd3 f5 11. g3 Be7 12. Ng2 Na6 13. a3 Bg5 14. h3 Qe7 15. Ne2 O-O-O 16. Ngf4 gxh3 17. Rxh3 Ng4 18. f3 Nf6 19. O-O-O Kb8 20. Kb1 Nc7 21. Rdh1 Qf7 22.
Qc3 h5 23. Nd3 Rhg8 24. Nef4 h4 25. gxh4 Bh6 26. a4 Nh5 27. Ne5 Qe8 28. Nxh5 Qxh5 29. Ba3 Rg7 30. a5 Na6 31. cxd5 cxd5 32. Qd3 Rc7 33. R3h2 Bg7 34. f4 Ka8 35. Rg2 Bxe5 36. fxe5 Rdc8 37. Rc1 Rxc1+ 38. Bxc1 Nb4 39. Qb5 Qxh4 40.
Qxb4 Qe4+ 41. Kb2 Qxg2+ 42. Bd2 Qe4 43. a6 Qc2+ 44. Ka3 bxa6 45. Qa5 Qb1 46. Kb4 Rb8+ 0-1

[Event "Late-Titled-Tuesday-Blitz-February-13-2024"]
[Site "Chess.com"]
[Date "2024.02.13"]
[Round "2"]
[White "BogdanDeac"]
[Black "ansko1999"]
[Result "1-0"]
[WhiteElo "3008"]
[BlackElo "2643"]
[TimeControl "180+1"]
[EndTime "14:17:40 PST"]
[Termination "BogdanDeac won on time"]

1. b3 c5 2. Bb2 Nc6 3. e3 e5 4. c4 d6 5. Nc3 g6 6. g3 Bg7 7. Bg2 Nge7 8. Nge2 O-O 9. O-O Rb8 10.
d3 Be6 11. Nd5 Qd7 12. Nec3 Bh3 13. Bxh3 Qxh3 14. Qe2 Nxd5 15. Nxd5 b5 16. cxb5 Rxb5 17. d4 Rfb8 18. dxc5 Rxc5 19. Rfd1 Qe6 20. e4 Nd4 21. Bxd4 exd4 22. Nf4 Qe7 23. Nd3 Rc3 24. Re1 Rbc8 25.
Rad1 h5 26. Nf4 Qb7 27. Nd5 R3c5 28. h4 Re8 29. Qd2 Rxe4 30. Rxe4 Qxd5 31. Re8+ Kh7 32.
Re7 Be5 33. Rxa7 Qf3 34. Qd3 Qf6 35. Kg2 Rc3 36. Qe4 Kg7 37. Rd3 d5 38. Qe2 Rc1 39. Rf3 Qe6 40. Rfxf7+ Kg8 41. Rae7 1-0

[Event "Late-Titled-Tuesday-Blitz-February-13-2024"]
[Site "Chess.com"]
[Date "2024.02.13"]
[Round "2"]
[White "ukchessbomber"]
[Black "AryanTari"]
[Result "1/2-1/2"]
[WhiteElo "2599"]
[BlackElo "2930"]
[TimeControl "180+1"]
[EndTime "14:17:41 PST"]
[Termination "Game drawn by repetition"]

1. c4 b6 2. Nc3 Bb7 3. e4 e5 4. Nf3 Nc6 5. g3 Bc5 6. Bg2 d6 7. O-O a5 8. d3 Nge7 9. Na4 O-O 10. Nxc5 bxc5 11. Nh4 Nd4 12. Qh5 f5 13. Bg5 Qe8 14.
Qxe8 Raxe8 15. Bxe7 Rxe7 16. Nxf5 Nxf5 17. exf5 Bxg2 18.
Kxg2 Rxf5 19. a3 Rf8 20. Rfe1 Ref7 21. Re2 Rb8 22. h4 Rb3 23. Rd2 a4 24. Rf1 h5 25. f4 exf4 26. Rxf4 Rxf4 27. gxf4 Kf7 28. Kf3 Kf6 29. Ke4 c6 30. f5 Rb8 31. Rg2 Kf7 32. Rg6 Re8+ 33. Kf4 Rd8 34. Kg5 Rb8 35. Rxd6 Rxb2 36. Rxc6 Rd2 37. Rc7+ Kf8 38. Kg6 Rg2+ 39.
Kxh5 Rg3 40. Rxc5 Rxd3 41. Ra5 Rxa3 42. Ra7 Ra1 43. c5 Rc1 44. Rxa4 Rxc5 45. Kg6 Rc6+ 46.
Kg5 Kg8 47. Ra8+ Kh7 48. Ra7 Rb6 49. Rc7 Rd6 50. Rf7 Ra6 51. f6 Ra5+ 52. Kg4 Kg6 53. Rxg7+ Kxf6 54. Rg8 Kf7 55. Rg5 Ra4+ 56. Kg3 Ra3+ 57.
Kg4 Ra4+ 58. Kg3 Ra3+ 59. Kh2 Ra2+ 60. Kh3 Ra3+ 61. Kg4 Ra4+ 1/2-1/2

[Event "Late-Titled-Tuesday-Blitz-February-13-2024"]
[Site "Chess.com"]
[Date "2024.02.13"]
[Round "2"]
[White "Genghis_K"]
[Black "riconaipe"]
[Result "0-1"]
[WhiteElo "2907"]
[BlackElo "2602"]
[TimeControl "180+1"]
[EndTime "14:17:42 PST"]
[Termination "riconaipe won by resignation"]

1. e4 g6 2. d4 Bg7 3. Nf3 c6 4. c3 d5 5. e5 f6 6. Bf4 Nh6 7. Nbd2 O-O 8. Bd3 Nf7 9. Qe2 fxe5 10. dxe5 c5 11. h4 Bg4 12. e6 Nd6 13. Be5 Nc6 14. Bxg7 Kxg7 15. h5 Rf6 16. hxg6 hxg6 17. Kf1 Rxe6 18. Qd1 Qb6 19. Rh7+ Kg8 20. Rh4 Ne5 21.
Rxg4 Nxg4 22. Ng5 Nxf2 23. Kxf2 c4+ 24. Kg3 cxd3 25. Nxe6 Nf5+ 26. Kh2 Qxe6 27. Nf3 Qd6+ 28. Kg1 e5 29. Qd2 e4 30. Ng5 Rf8 31. Rf1 Qb6+ 32. Kh2 Kg7 33. Qf4 Rh8+ 34. Nh3 e3 35. g4 e2 36. gxf5 exf1=Q 37. Qxf1 Qd6+ 38. Kg2 gxf5 39.
Qxd3 Qg6+ 40. Kh2 Qg4 41. Qe3 Rxh3+ 42. Qxh3 Qxh3+ 43. Kxh3 Kf6 44. Kg3 Ke5 45. Kf3 f4 46. b3 b5 47. Kf2 Ke4 48. Ke2 f3+ 49. Kd2 d4 50. c4 bxc4 51. bxc4 d3 52. Ke1 Kd4 53.
Kf2 d2 54. Kxf3 d1=Q+ 0-1

[Event "Late-Titled-Tuesday-Blitz-February-13-2024"]
[Site "Chess.com"]
[Date "2024.02.13"]
[Round "2"]
[White "Lady_Nika"]
[Black "klimkoj"]
[Result "0-1"]
[WhiteElo "2585"]
[BlackElo "2921"]
[TimeControl "180+1"]
[EndTime "14:17:42 PST"]
[Termination "klimkoj won by checkmate"]

1. d4 d5 2. e3 Nf6 3. f4 c5 4.
Nf3 Bf5 5. c3 e6 6. Bd3 Bxd3 7.
Qxd3 Nc6 8. O-O Ne4 9. Nbd2 f5 10. Ne5 Nxe5 11. fxe5 cxd4 12. exd4 Be7 13. Nxe4 dxe4 14. Qb5+ Qd7 15. Qb3 O-O 16. Be3 Kh8 17. Rad1 g5 18.
d5 f4 19. dxe6 Qc6 20. Bc1 e3 21. Qc2 Qxe6 22. Qe4 Bc5 23. Kh1 Rad8 24. b4 Bb6 25.
c4 Qc6 26. Qc2 Bd4 27. b5 Qe6 28. Ba3 Rfe8 29. c5 Qxe5 30. Rxd4 Rxd4 31. Bb2 e2 32. Re1 Kg8 33. Bxd4 Qxd4 34. h3 Qf2 35. Qc3 f3 36. gxf3 Re3 37. Qc4+ Kf8 38. Qb4 Qxf3+ 39. Kg1 Qg3+ 40. Kh1 Qxh3+ 41. Kg1 Rg3+ 42. Kf2 Qg2# 0-1

[Event "Late-Titled-Tuesday-Blitz-February-13-2024"]
[Site "Chess.com"]
[Date "2024.02.13"]
[Round "2"]
[White "manitodeplomo"]
[Black "ChessLover0108"]
[Result "0-1"]
[WhiteElo "2638"]
[BlackElo "2999"]
[TimeControl "180+1"]
[EndTime "14:17:43 PST"]
[Termination "ChessLover0108 won by checkmate"]

1. d4 Nf6 2. c4 g6 3. Nc3 Bg7 4.
e4 O-O 5. Be2 d6 6. Nf3 e5 7. d5 Na6 8. Be3 Ng4 9. Bg5 f6 10. Bh4 h5 11. Nd2 Nh6 12. f3 c5 13.
a3 Bd7 14. Rb1 Qe7 15. b4 b6 16. O-O Nf7 17. Kh1 Bh6 18. Bf2 Kg7 19. bxc5 Nxc5 20.
Nb3 Na4 21. Nxa4 Bxa4 22. Qd3 Rfc8 23. Nc1 Bd7 24. Na2 f5 25. Nc3 f4 26. a4 g5 27.
a5 g4 28. axb6 axb6 29. Bxb6 g3 30. Rfd1 gxh2 31. c5 dxc5 32. d6 Qg5 33. Nd5 c4 34. Qc2 h4 35. Bf1 Ba4 36. Qe2 Bxd1 37. Rxd1 Nxd6 38.
Nc7 Rxc7 39. Bxc7 Nf7 40. Rd5 h3 41. gxh3 Qg1# 0-1

[Event "Late-Titled-Tuesday-Blitz-February-13-2024"]
[Site "Chess.com"]
[Date "2024.02.13"]
[Round "2"]
[White "Chopper1905"]
[Black "aghasiyevkamal"]
[Result "0-1"]
[WhiteElo "2959"]
[BlackElo "2644"]
[TimeControl "180+1"]
[EndTime "14:17:43 PST"]
[Termination "aghasiyevkamal won on time"]

1. Nf3 d5 2. d4 Nf6 3. Bf4 e6 4. e3 Bd6 5. Nbd2 O-O 6. Bd3 b6 7. Qe2 Bb7 8. Ne5 c5 9. c3 Nc6 10. h4 Qc7 11. Ndf3 Ne4 12. h5 f6 13. Nxc6 Bxf4 14. exf4 Bxc6 15. Qe3 Rae8 16. h6 g6 17. O-O-O Nd6 18. dxc5 bxc5 19. Qxc5 Rc8 20. Nd4 Bd7 21. Qxc7 Rxc7 22. Rde1 Kf7 23. g4 Re8 24. g5 e5 25.
fxe5 fxe5 26. Nc2 Bf5 27. Bxf5 gxf5 28. f4 d4 29. fxe5 Ne4 30. Nxd4 Rxe5 31. Rhf1 Kg6 32. Nf3 Ra5 33. Kb1 Rb5 34. Kc2 Rcb7 35. b4 a5 36.
Nd4 Rd5 37. a3 Rc7 38. Ne2 Rd2+ 39. Kb3 a4+ 40. Kxa4 Rxe2 41. Rxe2 Nxc3+ 42. Ka5 Nxe2 43. Kb6 Rc4 44. b5 Nd4 45. Rf4 Kxg5 46. Rf1 Ra4 0-1

[Event "Late-Titled-Tuesday-Blitz-February-13-2024"]
[Site "Chess.com"]
[Date "2024.02.13"]
[Round "2"]
[White "NovakRatko"]
[Black "scandalgod"]
[Result "1-0"]
[WhiteElo "2330"]
[BlackElo "2514"]
[TimeControl "180+1"]
[EndTime "14:17:43 PST"]
[Termination "NovakRatko won by resignation"]

1. d4 d5 2. c4 c6 3. cxd5 cxd5 4.
Nc3 Nf6 5. f3 Nc6 6. e4 dxe4 7.
d5 Ne5 8. fxe4 e6 9. Qd4 Nc6 10.
Bb5 a6 11. Bxc6+ bxc6 12. Bg5 Be7 13. Bxf6 Bxf6 14. e5 Bg5 15. d6 c5 16. Qxc5 Bb7 17.
Nf3 Bxf3 18. gxf3 O-O 19. O-O Bf4 20. Rae1 Rc8 21. Qd4 Qh4 22. Qf2 Qh5 23. Qe2 Rc5 24. Qg2 Rxe5 25. Rxe5 Qxe5 26. Rd1 Qc5+ 27. Kh1 Rd8 28.
Ne4 Qe3 29. d7 f5 30. Nc3 Qa7 31. Qe2 Kf7 32. Qc4 Rxd7 33. Rxd7+ Qxd7 34. Qxf4 h6 35. Kg2 g5 36. Qe3 Kg6 37. h3 Kf6 38.
f4 Qd6 39. fxg5+ hxg5 40. Qf3 e5 41. Ne4+ 1-0

[Event "Late-Titled-Tuesday-Blitz-February-13-2024"]
[Site "Chess.com"]
[Date "2024.02.13"]
[Round "2"]
[White "ejam94"]
[Black "Kostukov_Alex"]
[Result "0-1"]
[WhiteElo "2497"]
[BlackElo "2284"]
[TimeControl "180+1"]
[EndTime "14:17:45 PST"]
[Termination "Kostukov_Alex won on time"]

1. e4 c5 2. Nf3 g6 3. g3 Bg7 4. Bg2 Nc6 5. O-O e5 6. d3 Nge7 7. Nc3 O-O 8. Bg5 h6 9. Be3 Nd4 10. Bxd4 cxd4 11. Ne2 d5 12. c3 dxc3 13. Nxc3 Be6 14.
exd5 Nxd5 15. d4 Nxc3 16. bxc3 exd4 17. cxd4 Bd5 18. Rb1 Qa5 19. a4 Rad8 20. Rb5 Qa6 21. Re1 Bc6 22. Rb4 Qa5 23. Qb3 Rd7 24. Ne5 Rxd4 25.
Nxc6 bxc6 26. Rb1 c5 27. Rxd4 Bxd4 28. Bd5 Qd2 29. Qf3 Bxf2+ 30. Kh1 Bd4 31. Rf1 Kg7 32.
Bxf7 Qe3 33. Qxe3 Bxe3 34. Bc4 Rxf1+ 35. Bxf1 Kf6 36. Kg2 Ke5 37. Kf3 Bc1 38. Bd3 g5 39.
h4 Kd4 40. Ke2 c4 41. Bg6 c3 42. Kd1 Be3 43. hxg5 hxg5 44. g4 Bf4 45. Kc2 Kc4 0-1

[Event "Late-Titled-Tuesday-Blitz-February-13-2024"]
[Site "Chess.com"]
[Date "2024.02.13"]
[Round "2"]
[White "GoltsevDmitry2000"]
[Black "Inepton_Fermion"]
[Result "1-0"]
[WhiteElo "2769"]
[BlackElo "2375"]
[TimeControl "180+1"]
[EndTime "14:17:46 PST"]
[Termination "GoltsevDmitry2000 won on time"]

1. e4 c5 2. Nf3 e6 3. d4 cxd4 4. Nxd4 Nc6 5. Nc3 Qc7 6. Be2 a6 7. O-O Nf6 8. Be3 Be7 9. f4 d6 10. Bf3 O-O 11. g4 Nxd4 12. Bxd4 e5 13. Be3 exf4 14.
Bxf4 Be6 15. g5 Nd7 16. Kh1 Ne5 17. Be2 Rac8 18. Qe1 b5 19. a3 Qb6 20. Qg3 b4 21. axb4 Qxb4 22. Bxa6 Ra8 23. Rfb1 Qb6 24. Be3 Qc7 25. Be2 Rxa1 26. Rxa1 Rb8 27. Ra7 Rb7 28. Nb5 Qb8 29. Rxb7 Qxb7 30. Qg2 Bc4 31. Nd4 Qxb2 32. h4 g6 33. Nc6 Bxe2 34. Nxe7+ Kf8 35. Nxg6+ hxg6 36. Qxe2 Qb1+ 37. Kg2 Qb7 38. Bf4 Qc6 39. Bxe5 dxe5 40.
Qd3 Kg7 41. Kg3 Qb6 42. Kg2 Qc5 43. c4 Qb4 44. Qc2 Qe1 45. c5 Qxh4 46. c6 Qxg5+ 47.
Kf1 Qf4+ 48. Ke1 Qe3+ 49. Kd1 Qg1+ 50. Kd2 Qf2+ 51. Kc1 Qe1+ 52. Kb2 Qb4+ 53. Ka2 Qa5+ 54.
Kb3 Qb5+ 55. Ka3 Qa5+ 56. Qa4 Qc3+ 57. Ka2 Qd2+ 58. Kb1 Qd3+ 59. Qc2 Qb5+ 60. Kc1 Qf1+ 61. Kd2 Qf2+ 62. Kd3 Qf3+ 63. Kc4 Qf1+ 64. Kc5 Qa6 65.
c7 Qc8 66. Kb6 g5 67. Qd2 f6 68. Qd8 Qe6+ 69. Kc5 1-0

[Event "Late-Titled-Tuesday-Blitz-February-13-2024"]
[Site "Chess.com"]
[Date "2024.02.13"]
[Round "2"]
[White "Binary010"]
[Black "Balla_Tamas"]
[Result "1-0"]
[WhiteElo "2885"]
[BlackElo "2390"]
[TimeControl "180+1"]
[EndTime "14:17:48 PST"]
[Termination "Binary010 won by checkmate"]

1. d4 d5 2. Nf3 Nf6 3. Bg5 e6 4. e3 Be7 5. Bd3 O-O 6. O-O b6 7. c3 c5 8. Nbd2 Ba6 9. Bxa6 Nxa6 10. Ne5 Nb8 11. a4 h6 12. Bh4 Qc7 13. a5 Nc6 14.
Bg3 Bd6 15. Nxc6 Qxc6 16. Nf3 Bxg3 17. hxg3 Nd7 18. g4 Rae8 19. axb6 axb6 20. Ra7 e5 21. dxe5 Nxe5 22. Nxe5 Rxe5 23. Qf3 Qe6 24. Rfa1 Rg5 25. Rb7 Rxg4 26. Ra6 Rg6 27. Qf4 Qh3 28. g3 Rg4 29. Qf3 d4 30. exd4 cxd4 31. Raa7 Qh5 32. cxd4 Qg6 33. d5 h5 34. Kf1 h4 35. Rxf7 Rxf7 36.
Rxf7 hxg3 37. Rf8+ Kh7 38. Qh1+ Qh6 39. Qxh6+ Kxh6 40. Rb8 Rb4 41. d6 Rxb2 42. d7 Rxf2+ 43. Kg1 Rd2 44. d8=Q Rxd8 45. Rxd8 Kg5 46. Rb8 Kg4 47.
Rxb6 Kh3 48. Rb3 g5 49. Rb8 g4 50. Rh8# 1-0

[Event "Late-Titled-Tuesday-Blitz-February-13-2024"]
[Site "Chess.com"]
[Date "2024.02.13"]
[Round "2"]
[White "tteshan"]
[Black "Jospem"]
[Result "0-1"]
[WhiteElo "2654"]
[BlackElo "3033"]
[TimeControl "180+1"]
[EndTime "14:17:49 PST"]
[Termination "Jospem won by resignation"]

1. e4 c5 2. Nf3 d6 3. c3 Nf6 4.
Be2 Bd7 5. d3 g6 6. O-O Bg7 7.
Re1 O-O 8. Bf1 Nc6 9. d4 cxd4 10.
cxd4 Bg4 11. Nc3 Bxf3 12. gxf3 Nd7 13. Be3 e5 14. d5 Nd4 15. Nb5 Nxb5 16. Bxb5 Nf6 17.
Rc1 Nh5 18. Qd2 a6 19. Bf1 Nf4 20. Bxf4 exf4 21. Qxf4 Bxb2 22. Rb1 Bc3 23. Rec1 Bf6 24. Qg3 b5 25. f4 Re8 26. Bg2 Bd4 27. Rc6 Qe7 28.
Rbc1 Rad8 29. h3 a5 30. Qg4 b4 31. Rc7 Qf6 32. Rb7 Bxf2+ 33. Kh1 Be3 34. Rf1 Re7 35.
Rxe7 Qxe7 36. Qe2 Bd4 37. Qc4 Bc3 38. Bf3 Qa7 39. Kg2 a4 40. Bg4 Re8 41. Rf2 Qe7 42.
Re2 Qf6 43. Qc6 Re7 44. e5 Qxf4 45. exd6 Rxe2+ 46. Bxe2 Bf6 47. d7 Kg7 48. Qb6 b3 49.
axb3 a3 50. d8=Q Qg5+ 51. Bg4 Bxd8 52. Qd4+ Bf6 53. Qa4 Qd2+ 54. Kf1 a2 0-1

[Event "Late-Titled-Tuesday-Blitz-February-13-2024"]
[Site "Chess.com"]
[Date "2024.02.13"]
[Round "2"]
[White "Perecke"]
[Black "Rodalquilar"]
[Result "0-1"]
[WhiteElo "2528"]
[BlackElo "2774"]
[TimeControl "180+1"]
[EndTime "14:17:49 PST"]
[Termination "Rodalquilar won by resignation"]

1. e4 d5 2. Nf3 dxe4 3. Ng5 e5 4. Nxe4 f5 5. Ng3 Be6 6. Nc3 Qd7 7. Bb5 c6 8. Bd3 g6 9. Qe2 Bg7 10. O-O Ne7 11. b3 h5 12. h4 e4 13. Bc4 Nd5 14. Bb2 a6 15. Ncxe4 fxe4 16. Nxe4 Bxb2 17. Rab1 Nf4 18.
Qe3 Be5 19. Nc5 Qd4 20. Bxe6 Qxe3 21. fxe3 Nxe6 22. Nxe6 Ke7 23. Ng5 Bf6 24. Ne4 Nd7 25.
g3 a5 26. d4 Rhf8 27. c4 Rae8 28. Kg2 Kd8 29. Rf4 Be7 30. Rbf1 Kc7 31. Kf3 Nf6 32.
Ng5 Bd6 33. e4 Bxf4 34. gxf4 Ng4 35.
Re1 Kb6 36. e5 a4 37. Ne4 axb3 38. axb3 Ra8 39. c5+ Kb5 40. Nd6+ Kb4 41. e6 Kxb3 42. e7 Rfe8 43. Rb1+ Kc3 44. Rxb7 Kxd4 45. Rd7 Kxc5 46.
Nxe8 Rxe8 47. Ke4 Nf6+ 48. Ke5 Nxd7+ 0-1

[Event "Late-Titled-Tuesday-Blitz-February-13-2024"]
[Site "Chess.com"]
[Date "2024.02.13"]
[Round "2"]
[White "h4parah5"]
[Black "PolandHussars"]
[Result "1-0"]
[WhiteElo "2963"]
[BlackElo "2611"]
[TimeControl "180+1"]
[EndTime "14:17:55 PST"]
[Termination "h4parah5 won by checkmate"]

1. Nf3 d5 2. e3 Nf6 3. c4 c6 4.
Nc3 Bg4 5. cxd5 Nxd5 6. Qb3 b6 7. Nxd5 Bxf3 8. Nxb6 axb6 9. gxf3 e6 10. f4 Qd5 11. Qxd5 cxd5 12. Bb5+ Nd7 13. Ke2 Bd6 14. b3 Ke7 15. Bb2 Rhg8 16. h4 h5 17. Rhc1 Ra5 18.
a4 Ra7 19. d4 Nf6 20. Rc6 Rb8 21. Rac1 Bb4 22. Rc7+ Rxc7 23. Rxc7+ Kf8 24. Bc3 Be7 25. Be1 Bd8 26. Rc6 Ng4 27. f3 Nh6 28. e4 dxe4 29. fxe4 Ng4 30. Kf3 Nh2+ 31. Ke2 Ng4 32. b4 Nf6 33.
Kf3 Ra8 34. Rc2 Ng8 35. a5 bxa5 36. bxa5 Bxh4 37. Bxh4 g5 38. Be1 g4+ 39. Ke3 h4 40.
Bc6 Ra7 41. Bxh4 Rxa5 42. d5 Ra3+ 43. Kd4 exd5 44. Bxd5 Rh3 45. Bg5 f6 46. Rc8+ Ke7 47. Rxg8 fxg5 48. Rxg5 g3 49. e5 Kf8 50. f5 Ke7 51. f6+ Kd7 52. Rg7+ Kd8 53. f7 Rh4+ 54. Kc5 Rf4 55. Rg8+ Ke7 56. Re8+ Kd7 57. e6+ Kc7 58.
f8=Q Rxf8 59. Rxf8 g2 60. Rf7+ Kb8 61. Rg7 g1=Q+ 62.
Rxg1 Ka7 63. Rg8 Ka6 64. Ra8# 1-0

[Event "Late-Titled-Tuesday-Blitz-February-13-2024"]
[Site "Chess.com"]
[Date "2024.02.13"]
[Round "2"]
[White "ural58"]
[Black "Doublekk14"]
[Result "1-0"]
[WhiteElo "2532"]
[BlackElo "2329"]
[TimeControl "180+1"]
[EndTime "14:17:56 PST"]
[Termination "ural58 won on time"]

1. e4 c5 2. b3 e5 3. Bb2 d6 4. f4 Nc6 5. Qf3 Nf6 6. Bb5 exf4 7. Bxc6+ bxc6 8. Ne2 Bg4 9. Qxf4 Bxe2 10. Bxf6 Qxf6 11. Qxf6 gxf6 12. Kxe2 O-O-O 13. Nc3 d5 14. d3 f5 15. Raf1 Bg7 16. Na4 dxe4 17. dxe4 fxe4 18. Rxf7 Bh6 19. Rd1 Rxd1 20. Kxd1 Rd8+ 21. Ke1 Rd2 22. Rxh7 Bg5 23. h4 Be3 24. Re7 Rxc2 25. Rxe4 Bd4 26. g4 Rxa2 27. g5 Rg2 28. Re2 Rg1+ 29.
Kd2 Rh1 30. Re4 Rg1 31. Kd3 Bf2 32. Nb2 Kd7 33. Nc4 Bd4 34. Ne5+ Kd6 35. Nf7+ Kd5 36.
Rf4 Rg3+ 37. Ke2 Rg2+ 38. Ke1 Rg1+ 39. Rf1 Rg4 40. Rh1 Re4+ 41. Kd1 Bg7 42. h5 Rf4 43. g6 Ke6 44. h6 Bxh6 45. Rxh6 Kf6 46. Nd8 Kg7 47. Rh7+ Kxg6 48. Rd7 Rf1+ 49. Ke2 Rf6 50.
Rxa7 Rd6 51. Nf7 Re6+ 52. Kd3 Rf6 53. Ne5+ Kf5 54. Nc4 Rh6 55. Kc2 Rh3 56. Rc7 Ke6 57.
Rxc6+ Kd5 58. Rd6+ Ke4 59. Rd2 Rh2 60. Rxh2 1-0